AoeStats
← Eisemania

Nomad

510311363Analyzed
2v2 RM · 3d ago on Sep 30, 2026· 51m 37s· 4 players
Game mode
Random Map
Map size
176×176
Population
200
Speed
Normal
Resources
Standard
Victory
Conquest
Starting age
Dark Age
Ending age
Imperial Age
RankedLock teamsTeams togetherTeam positionsShared explorationLock speedFull tech treeHidden civsTurbo modeCheats
Victory
Defeat
🇩🇪 Burmese · Germany
1219
+12
🇩🇪 Celts · Germany
1145
+15
🇩🇪 Persians · Germany
1146
-14
🇪🇸 Inca · Spain
1119
-13
fede
6:39 Loom
14:44 Feudal Age
16:39 Gold Mining
16:42 Double-Bit Axe
20:39 Castle Age
18:57 Scale Barding Armor
19:03 Forging
19:36 Stone Mining
23:16 Iron Casting
23:02 Chain Barding Armor
23:54 Wheelbarrow
24:05 Fletching
24:58 Bow Saw
27:17 Horse Collar
27:36 Bodkin Arrow
30:09 Gold Shaft Mining
29:54 Hand Cart
30:10 Heavy Plow
34:59 Imperial Age
33:16 Bloodlines
33:07 Husbandry
34:40 Stone Shaft Mining
35:58 Plate Barding Armor
34:46 Cavalier
36:28 Blast Furnace
36:13 Conscription
37:22 Two-Man Saw
37:21 Savar
41:31 Ballistics
41:23 Masonry
41:08 Murder Holes
46:07 Heavy Scorpion
mcriano22
13:20 Feudal Age
12:33 Loom
17:35 Castle Age
16:32 Scale Mail Armor
16:42 Forging
16:01 Champi Runner
16:39 Double-Bit Axe
17:06 Gold Mining
18:33 Bow Saw
18:49 Squires
19:20 Fishing Lines
20:43 Town Watch
24:54 Wheelbarrow
24:08 Horse Collar
25:43 Fletching
27:03 Heavy Plow
26:56 Stone Mining
27:44 Gold Shaft Mining
27:49 Bodkin Arrow
29:12 Stone Shaft Mining
30:35 Coinage
30:23 Chain Mail Armor
30:43 Iron Casting
30:28 Champi Warrior
30:56 Arson
32:00 Ballistics
32:22 Masonry
33:25 Hand Cart
36:42 Imperial Age
34:15 Town Patrol
35:08 Guard Tower
34:59 Treadmill Crane
35:14 Murder Holes
36:52 Elite Champi Warrior
38:23 Crop Rotation
39:17 Plate Mail Armor
39:47 Blast Furnace
39:03 Capped Ram
40:48 Conscription
41:04 Hoardings
41:35 Banking
42:13 Fabric Shields
41:44 Sappers
43:36 Bracer
43:37 Padded Archer Armor
46:41 Chemistry
45:47 Siege Engineers
46:18 Keep
45:28 Arrowslits
45:25 Siege Ram
47:12 Pikeman
48:29 Halberdier
Eisemania
7:46 Loom
13:09 Feudal Age
17:50 Castle Age
15:36 Horse Collar
17:16 Double-Bit Axe
17:46 Fishing Lines
19:18 Wheelbarrow
20:03 Wheelbarrow
20:21 Gold Mining
22:21 Scale Mail Armor
23:29 Heavy Plow
27:53 Stone Mining
32:30 Imperial Age
30:47 Hand Cart
31:45 Bow Saw
33:33 Conscription
34:33 Chain Mail Armor
34:34 Elite Woad Raider
36:20 Plate Mail Armor
38:40 Stone Shaft Mining
38:41 Gold Shaft Mining
41:30 Forging
42:46 Iron Casting
41:32 Pikeman
41:58 Arson
42:33 Halberdier
44:52 Blast Furnace
51:24 Siege Engineers
51:32 Scale Barding Armor
Seelenreiniger
5:28 Loom
13:02 Feudal Age
13:54 Town Watch
16:57 Castle Age
26:43 Horse Collar
27:01 Gold Mining
27:01 Stone Mining
27:30 Heavy Plow
33:05 Wheelbarrow
33:31 Gold Shaft Mining
35:48 Imperial Age
34:26 Ballistics
34:10 Padded Archer Armor
34:00 Fletching
35:02 Hand Cart
34:47 Town Patrol
34:55 Husbandry
35:06 Bloodlines
35:21 Bodkin Arrow
36:33 Masonry
36:18 Murder Holes
36:57 Conscription
37:10 Parthian Tactics
37:53 Chemistry
36:50 Murder Holes
37:52 Elite Arambai
41:42 Architecture
41:19 Siege Engineers
40:57 Treadmill Crane
Connection lost

Rejoining the realm…

Still unreachable

The connection could not be restored.

Session expired

The server has moved on; the page needs a fresh start.